 Dungeon Crawl Stone Soup version 0.29-a0-821-g66395355a5 (webtiles) character file.

Game seed: 3551156281362759699

7634 zeratav the Tainter (level 11, -15/71 HPs)
             Began as an Octopode Venom Mage on July 7, 2022.
             Was an Initiate of Gozag.
             Demolished by a troll (19 damage)
             ... on level 10 of the Dungeon on July 8, 2022.
             The game lasted 00:27:55 (12750 turns).

zeratav the Tainter (Octopode Venom Mage)          Turns: 12750, Time: 00:27:55

Health: -15/71     AC:  1    Str: 14    XL:     11   Next: 18%
Magic:  12/18      EV: 16    Int: 21    God:    Gozag
Gold:   1239       SH:  0    Dex: 19    Spells: 10/20 levels left

rFire   . . .      SeeInvis .   C - +0 staff of Battle {staff}
rCold   + . .      Faith    .   (no shield)
rNeg    . . .      Spirit   .   (helmet restricted)
rPois   +          Reflect  .   v - amulet of magic regeneration {@e2}
rElec   .          Harm     .   k - ring of protection from cold
rCorr   .          Rampage  .   l - ring of poison resistance
Will    +....                   n - ring of wizardry
Stlth   ++++......              u - ring of willpower
HPRegen 0.21/turn               d - +6 ring of dexterity
MPRegen 0.56/turn               F - +6 ring of strength
                                (no ring)
                                (no ring)

@: no status effects
A: almost no armour, amphibious, 8 rings, camouflage 1, gelatinous body 1,
(nimble swimmer 1), tentacles
a: Renounce Religion, Potion Petition, Call Merchant, Bribe Branch


You were on level 10 of the Dungeon.
You worshipped Gozag.
Gozag was most pleased with you.
You visited 1 branch of the dungeon, and saw 10 of its levels.

You collected 1315 gold pieces.
You paid 76 gold pieces to Gozag.


Innate Abilities, Weirdness & Mutations

You cannot wear most types of armour.
You are amphibious.
You can wear up to eight rings at the same time.
Your skin changes colour to match your surroundings (Stealth+).
Your rubbery body absorbs attacks. (AC +1, EV +1)
((You are camouflaged when in or above water. (Stealth+)))
You have tentacles for arms and can constrict up to eight enemies at once.


   Skills:
 - Level 5.0 Fighting
 - Level 5.0 Dodging
 - Level 5.0 Stealth
 - Level 5.0 Spellcasting
 - Level 6.0 Conjurations
 + Level 5.0 Transmutations
 + Level 7.6 Ice Magic
 - Level 6.0 Earth Magic
 - Level 9.0 Poison Magic


You had 10 spell levels left.
You knew the following spells:

 Your Spells              Type           Power      Damage    Failure   Level
a - Stone Arrow           Conj/Erth      90%        3d12      1%          3
b - Poisonous Vapours     Pois/Air       48%        N/A       1%          2
c - Olgreb's Toxic Radia  Pois           43%        N/A       1%          4
d - Sting                 Tmut/Pois      100%       1d8       1%          1

Your spell library contained the following spells:

 Spells                   Type           Power      Damage    Failure   Level
 Magic Dart               Conj           100%       1d8       1%          1
 Sandblast                Erth           60%        2d14      1%          1
 Passwall                 Tmut/Erth      23%        N/A       1%          2
 Searing Ray              Conj           90%        2d7       1%          2
 Frozen Ramparts          Ice            74%        1d9       1%          3
 Mephitic Cloud           Conj/Pois/Air  39%        N/A       1%          3
 Ozocubu's Armour         Ice            37%        N/A       1%          3
 Ice Form                 Ice/Tmut       31%        N/A       3%          4
 Summon Ice Beast         Ice/Summ       21%        N/A       9%          4
 Iskenderun's Battlesphe  Conj           45%        2d10      11%         5
 Fulminant Prism          Conj/Hex       13%        3d9       12%         4
 Iron Shot                Conj/Erth      22%        9d5       45%         6
 Ozocubu's Refrigeration  Ice            18%        4d8       82%         7
 Spellforged Servitor     Conj/Summ      13%        N/A       100%        7

Inventory:

Hand Weapons
 q - a +2 falchion of holy wrath {long}
   (You took it off Eustachio on level 4 of the Dungeon)
 C - the +0 staff of Battle (weapon) {staff}
   (You found it on level 8 of the Dungeon)

   It enhances your conjuration magic.
   It summons a battlesphere in combat, with strength depending on Conjurations
   skill.
   Its strikes trigger the battlesphere's blasts.
Jewellery
 d - a +6 ring of dexterity (on tentacle)
   (You took it off an orc priest on level 8 of the Dungeon)
 k - a ring of protection from cold (left tentacle)
   (You found it on level 3 of the Dungeon)
 l - a ring of poison resistance (right tentacle)
   (You found it on level 3 of the Dungeon)
 n - a ring of wizardry (on tentacle)
   (You took it off a goblin on level 4 of the Dungeon)
 r - an amulet of the acrobat
   (You found it on level 7 of the Dungeon)
 u - a ring of willpower (on tentacle)
   (You took it off a gnoll on level 5 of the Dungeon)
 v - an amulet of magic regeneration (around mantle) {@e2}
   (You found it on level 5 of the Dungeon)
 F - a +6 ring of strength (on tentacle)
   (You found it on level 10 of the Dungeon)
Wands
 y - a wand of roots (5)
   (You found it on level 10 of the Dungeon)
 A - a wand of polymorph (5)
   (You took it off Maggie on level 8 of the Dungeon)
 D - a wand of charming (5)
   (You found it on level 8 of the Dungeon)
Scrolls
 b - 3 scrolls of vulnerability {!r!r}
 g - 5 scrolls of teleportation {@r4}
 h - 2 scrolls of enchant armour
 i - 3 scrolls of fog
 x - 2 scrolls of noise {!r}
 B - a scroll of fear
 E - a scroll of poison
Potions
 a - a potion of magic
 c - 4 potions of mutation {!q}
 e - a potion of flight {unknown}
 f - a potion of attraction {unknown}
 j - 6 potions of heal wounds {unknown}
 m - 4 potions of cancellation
 o - 4 potions of lignification {unknown}
 p - 5 potions of curing {@q1}
 s - a potion of degeneration {unknown}
 t - a potion of invisibility {unknown}
 w - 2 potions of haste {unknown}
 z - a potion of might {unknown}

Dungeon Overview and Level Annotations

Branches:
Dungeon (10/15) Zot: 26502  Temple (0/1) D:7             Orc (0/2) D:9
   Lair: D:8-11

Altars:
Ashenzari
Cheibriados
Dithmenos
Gozag
Nemelex Xobeh
Ru
Uskayaw
Vehumet
Zin
The Shining One

Shops:
D:1 =   D:5 (   D:7 *(

Annotations:
D:3 3 runed translucent doors, buhh's ghost, amateur MiFi
D:4 1 runed translucent door, zhov's ghost, amateur FoHu
D:5 2 runed translucent doors, Crazy Yiuf; Grinder; zhov's ghost, amateur OpVM
D:7 exclusion: downstairs
D:8 exclusion: water moccasin, Amaemon

############
#..........#
############..........#
..........##..........#
$
..........##..........#
..........##..........#
..........##..........#
...........#..........#
................@.[*..+
..........##....T.....#
######.#########'######
#..# #..# ####'### ##+#
#......# $ $ #......# $
#.....>+ $ $ $$ $
#......#


You could see a troll (very poisoned, ally target) and a friendly battlesphere.


Message History

You feel a surge of power!
You miscast Stone Arrow.
Nothing appears to happen.
Snorg barely misses you. Snorg claws you!! Snorg closely misses you.
Snorg misses you. Snorg claws you!!
* * * LOW HITPOINT WARNING * * *
Snorg barely misses you.
HP[-39] MP[-2]
You take 39 damage, and now have 29/71 hp.
MASSIVE DAMAGE!! (PAUSE)
You lost 2 mp, and now have 5/18 mp.
Blink to where?
Press: ? - help, Q - select action, (/) - cycle Dir - move target, p - Snorg
As you read the scroll of blinking {!r}, it crumbles to dust.
MP[+1]
Casting: Stone Arrow (safe; 1% risk of failure)
Confirm with . or Enter, or press ? or * to list all spells.
You begin to radiate toxic energy.
Snorg looks as sick as possible! x2
MP[-4]
You lost 4 mp, and now have 2/18 mp.
Your toxic aura wanes.
MP[+1] HP[+1] MP[+1]
There is a stone staircase leading down here.
Casting: Olgreb's Toxic Radiance (dangerous; 1% risk of failure)
Confirm with . or Enter, or press ? or * to list all spells.
Aiming: Stone Arrow (safe; 1% risk of failure)
Press: ? - help, Shift-Dir - straight line, f - Snorg
Aim: Snorg (almost dead, berserk, extremely poisoned, 76% to hit)
You feel a surge of power!
The stone arrow hits Snorg!!
You kill Snorg!
Your Transmutations skill increases to level 5!
MP[-2]
You lost 2 mp, and now have 2/18 mp.
You swap places.
You now have 1200 gold pieces (gained 18).
MP[+1]
You start resting.
Your magical contamination has completely faded away.
Your battlesphere wavers and loses cohesion.
HP[+9] MP[+15]
You regained 9 hp, and now have 39/71 hp.
Your mp is fully restored (18).
You start resting.
HP[+32]
Your hp is fully restored (71).
There is an open door here.
There is an open door here.
You now have 1204 gold pieces (gained 4).
You now have 1209 gold pieces (gained 5).
There is an open door here.
You now have 1216 gold pieces (gained 7).
You now have 1224 gold pieces (gained 8).
You now have 1230 gold pieces (gained 6).
You now have 1239 gold pieces (gained 9).
y - a wand of roots (5)
You open the door.
A troll comes into view.
You conjure a globe of magical energy.
There is an open door here.
The helpless troll fails to defend itself.
You hit the troll but do no damage. The troll bites you. The troll misses you.
The troll closely misses you.
HP[-1]
You take 1 damage, and now have 70/71 hp.
You hit the troll but do no damage. Your squeeze misses the troll.
The troll bites you! The troll claws you. The troll closely misses you.
HP[-17]
You take 17 damage, and now have 53/71 hp.
MASSIVE DAMAGE!! (PAUSE)
You hit the troll.
You squeeze the troll, but do no damage.
The troll closely misses you. The troll barely misses you. The troll claws you!
The troll misses you. The troll claws you. The troll claws you!
* * * LOW HITPOINT WARNING * * *
HP[-27]
You take 27 damage, and now have 26/71 hp.
MASSIVE DAMAGE!! (PAUSE)
Casting: Stone Arrow (safe; 1% risk of failure)
Confirm with . or Enter, or press ? or * to list all spells.
You begin to radiate toxic energy.
The troll is poisoned.
The troll looks even sicker.
The troll bites you!
* * * LOW HITPOINT WARNING * * *
The troll claws you!
* * * LOW HITPOINT WARNING * * *
The troll barely misses you.
HP[-22] MP[-4]
You take 22 damage, and now have 4/71 hp.
MASSIVE DAMAGE!! (PAUSE)
You lost 4 mp, and now have 14/18 mp.
Casting: Olgreb's Toxic Radiance (dangerous; 1% risk of failure)
Confirm with . or Enter, or press ? or * to list all spells.
Aiming: Stone Arrow (safe; 1% risk of failure)
Press: ? - help, Shift-Dir - straight line, f - troll
Aim: a troll (lightly wounded, very poisoned, ally target, 76% to hit)
You feel a surge of power!
The stone arrow hits the troll!
The troll looks even sicker.
Your toxic aura wanes.
Your battlesphere fires!
The barrage of energy hits the troll!
The troll bites you!!
You die...
Your body crumbles into a pile of gold.

Skill      XL: |  1  2  3  4  5  6  7  8  9 10 11 |
---------------+----------------------------------+-----
Stealth        | 3 4 5 |  5.0
Poison Magic   | 4 7 9 |  9.0
Fighting       | 3 5 |  5.0
Dodging        | 3 5 |  5.0
Ice Magic      | 4 5 6 7 |  7.6
Conjurations   | 5 6 |  6.0
Earth Magic    | 5 6 |  6.0
Spellcasting   | 5 |  5.0
Transmutations | 3 5 |  5.0

Action                   |  1- 3 |  4- 6 |  7- 9 | 10-12 || total
-------------------------+-------+-------+-------+-------++-------
Melee: Dagger            |    69 |    20 |       |       ||    89
       Constrict         |    15 |     8 |    19 |     7 ||    49
       Tentacles         |     9 |    13 |    30 |    10 ||    62
       Punch             |     1 |     1 |     1 |       ||     3
       Falchion          |       |    15 |   106 |     3 ||   124
       Staff             |       |       |       |    18 ||    18
 Cast: Sting             |    16 |     4 |     9 |     1 ||    30
       Poisonous Vapours |       |    22 |    57 |     6 ||    85
       Olgreb's Toxic Ra |       |     2 |    40 |    29 ||    71
       Stone Arrow       |       |       |     2 |    30 ||    32
  Use: Scroll            |       |       |     7 |     4 ||    11
 Stab: Sleeping          |    10 |     4 |     2 |     1 ||    17
Armor: Skin              |     3 |     2 |    11 |     1 ||    17
Dodge: Dodged            |    60 |    23 |    83 |    34 ||   200

Levels and vault maps discovered:
D:1:      dpeg_arrival_rhombus, layout_rooms, serial_shops, shop_statue
D:2:      layout_loops_ring
D:3:      layout_loops_ring, ebering_ghost_rock_garden,
          shapermc_ecumenical_altar_gd, minmay_distorted
D:4:      layout_cave_pools, nicolae_overflow_hidden_temple,
          ebering_ghost_sewer_d, uniq_eustachio
D:5:      layout_loops_ring, ebering_ghost_reflecting_pool,
          portal_sewer_entry_b, serial_shops, nicolae_shop_hallway_plus,
          grunt_decor_one_mirror, uniq_grinder, uniq_sigmund,
          uniq_crazy_yiuf_cottage
D:6:      layout_loops_ring, ashenzari_conservatory_becter, uniq_duvessa
D:7:      layout_basic, nicolae_gozag_zags_fifth_avenue,
          chequers_temple_overflow_minitemple, minmay_temple_entry_butterflies,
          serial_shops, shop
D:8:      layout_loops_ring, uniq_maggie, uniq_amaemon, uniq_joseph
D:9:      layout_roguey, kennysheep_little_box, lemuel_doored_altar,
          mainiacjoe_overflow_catwalk, david_orc_1_choice
D:10:     layout_roguey [special_room_orc], lair_entry_dummy,
          hangedman_fish_farm, uniq_urug, uniq_snorg

Notes
Turn   | Place    | Note
-------+----------+-------------------------------------------
     0 | D:1      | zeratav the Octopode Venom Mage began the quest for the
                  | Orb.
     0 | D:1      | Reached XP level 1. HP: 11/11 MP: 3/3
     0 | D:1      | magus.rc [v1.9.6]
   143 | D:1      | Found Xutefar's Jewellery Shop.
   212 | D:1      | Reached skill level 3 in Stealth
   275 | D:1      | Reached XP level 2. HP: 14/17 MP: 3/5
   276 | D:1      | Reached skill level 4 in Poison Magic
   352 | D:1      | You add the spells Ozocubu's Armour and Ozocubu's
                  | Refrigeration to your library.
   860 | D:2      | Reached XP level 3. HP: 16/21 MP: 6/6
   962 | D:2      | Reached skill level 4 in Stealth
  1758 | D:3      | Found a faded altar of an unknown god.
  2140 | D:3      | Reached XP level 4. HP: 22/27 MP: 1/7
  2332 | D:3      | Found a runed translucent gate.
  2332 | D:3      | Found a runed translucent gate.
  2333 | D:3      | Found a runed translucent gate.
  2336 | D:3      | Noticed buhh's ghost (amateur MiFi)
  2577 | D:4      | Found a snail-covered altar of Cheibriados.
  2597 | D:4      | Learned a level 2 spell: Poisonous Vapours
  2612 | D:4      | Reached skill level 5 in Poison Magic
  2770 | D:3      | Reached skill level 5 in Stealth
  2978 | D:4      | Found a runed translucent door.
  2980 | D:4      | Noticed a bullfrog
  3130 | D:4      | Noticed Eustachio
  3163 | D:4      | Killed Eustachio
  3164 | D:4      | Reached skill level 7 in Poison Magic
  3164 | D:4      | Reached XP level 5. HP: 31/31 MP: 0/8
  3164 | D:4      | Reached XP level 6. HP: 36/36 MP: 0/9
  3812 | D:4      | Learned a level 4 spell: Olgreb's Toxic Radiance
  3921 | D:4      | Reached skill level 8 in Poison Magic
  4040 | D:4      | Noticed zhov's ghost (amateur FoHu)
  4410 | D:5      | Entered Level 5 of the Dungeon
  4466 | D:5      | Noticed Sigmund
  4484 | D:5      | Killed Sigmund
  4485 | D:5      | Reached skill level 9 in Poison Magic
  4485 | D:5      | Reached XP level 7. HP: 13/42 MP: 3/10
  4550 | D:5      | Reached skill level 1 in Fighting
  4763 | D:5      | You pick up a book of Geomancy and begin reading...
  4763 | D:5      | You add the spells Sandblast, Passwall and Stone Arrow to
                  | your library.
  4772 | D:5      | Found a runed translucent door.
  4776 | D:5      | Noticed zhov's ghost (amateur OpVM)
  4803 | D:5      | You fall into a shaft and drop 2 floors!
  4815 | D:7      | Found Ontaghoch's Weapon Boutique.
  4824 | D:7      | Reached skill level 2 in Fighting
  4824 | D:7      | Reached skill level 3 in Dodging
  5105 | D:7      | Found an opulent altar of Gozag.
  5122 | D:7      | Found Gozag's Platinum Reserve.
  5126 | D:7      | Became a worshipper of Gozag Ym Sagoz the Greedy
  5219 | D:7      | Found a sacrificial altar of Ru.
  5219 | D:7      | Found a radiant altar of Vehumet.
  5224 | D:7      | Found a glowing silver altar of Zin.
  5226 | D:7      | Found a hide-covered altar of Uskayaw.
  5227 | D:7      | Found a faded altar of an unknown god.
  5367 | D:6      | Found a broken altar of Ashenzari.
  5432 | D:6      | Reached skill level 3 in Fighting
  5432 | D:6      | Reached XP level 8. HP: 47/52 MP: 4/11
  5512 | D:5      | Reached skill level 4 in Dodging
  5778 | D:5      | You pick up a book of Power and begin reading...
  5778 | D:5      | You add the spells Iskenderun's Battlesphere, Iron Shot and
                  | Spellforged Servitor to your library.
  6000 | D:5      | Found a runed translucent door.
  6001 | D:5      | Noticed Crazy Yiuf
  6358 | D:5      | Reached skill level 4 in Fighting
  6475 | D:5      | Reached skill level 5 in Dodging
  6574 | D:5      | Noticed Grinder
  6885 | D:5      | Reached skill level 5 in Fighting
  7039 | D:5      | Found Nomabrer's Weapon Emporium.
  7096 | D:5      | Reached skill level 1 in Ice Magic
  7367 | D:6      | Reached skill level 2 in Ice Magic
  7620 | D:6      | Noticed Duvessa
  7629 | D:6      | Noticed Dowan
  7637 | D:6      | Killed Duvessa
  7638 | D:6      | Reached skill level 3 in Ice Magic
  7640 | D:6      | Killed Dowan
  7762 | D:6      | Reached skill level 4 in Ice Magic
  7762 | D:6      | Reached XP level 9. HP: 61/61 MP: 10/12
  8238 | D:6      | Reached skill level 5 in Ice Magic
  8422 | D:7      | Found a staircase to the Ecumenical Temple.
  8711 | D:7      | Reached skill level 1 in Conjurations
  8711 | D:7      | Reached skill level 1 in Earth Magic
  9084 | D:7      | Reached skill level 2 in Conjurations
  9084 | D:7      | Reached skill level 2 in Earth Magic
  9445 | D:8      | Noticed Maggie
  9447 | D:8      | Reached skill level 3 in Conjurations
  9447 | D:8      | Reached skill level 3 in Earth Magic
  9776 | D:8      | Reached skill level 4 in Earth Magic
  9796 | D:8      | Reached skill level 4 in Conjurations
  9954 | D:8      | Killed Maggie
 10246 | D:8      | You pick up a book of Conjurations {@e2} and begin
                  | reading...
 10246 | D:8      | You add the spells Magic Dart, Searing Ray and Fulminant
                  | Prism to your library.
 10251 | D:8      | Learned a level 3 spell: Stone Arrow
 10398 | D:8      | Reached skill level 5 in Conjurations
 10398 | D:8      | Reached skill level 5 in Earth Magic
 10398 | D:8      | Reached XP level 10. HP: 66/66 MP: 7/13
 10608 | D:8      | Noticed Amaemon
 10608 | D:8      | Noticed an orange demon
 10648 | D:8      | Found the +0 staff of Battle
 10728 | D:8      | Noticed Joseph
 10741 | D:8      | Killed Joseph
 11020 | D:8      | You pick up a book of Rime and begin reading...
 11020 | D:8      | You add the spells Frozen Ramparts, Ice Form and Summon Ice
                  | Beast to your library.
 11278 | D:9      | Reached skill level 6 in Conjurations
 11278 | D:9      | Reached skill level 6 in Earth Magic
 11427 | D:9      | Found a staircase to the Orcish Mines.
 11438 | D:9      | Noticed a cyclops
 11451 | D:9      | Killed a cyclops
 11452 | D:9      | Reached skill level 3 in Spellcasting
 11481 | D:9      | Reached skill level 4 in Spellcasting
 11822 | D:9      | Found a sparkling altar of Nemelex Xobeh.
 11895 | D:9      | Reached skill level 5 in Spellcasting
 11943 | D:9      | Found a shadowy altar of Dithmenos.
 12021 | D:9      | Found a glowing golden altar of the Shining One.
 12046 | D:9      | Reached skill level 2 in Transmutations
 12046 | D:9      | Reached skill level 6 in Ice Magic
 12156 | D:9      | Reached skill level 3 in Transmutations
 12253 | D:10     | Entered Level 10 of the Dungeon
 12258 | D:10     | Reached XP level 11. HP: 71/71 MP: 6/18
 12347 | D:10     | Reached skill level 4 in Transmutations
 12347 | D:10     | Reached skill level 7 in Ice Magic
 12457 | D:10     | Noticed Snorg
 12485 | D:10     | Killed Snorg
 12486 | D:10     | Reached skill level 5 in Transmutations
 12749 | D:10     | HP: 4/71 [troll (14)]
 12750 | D:10     | Demolished by a troll

Vanquished Creatures
  Snorg (D:10)
  A cyclops (D:9)
  Joseph (D:8)
  Maggie (D:8)
  A troll (D:9)
  A merfolk (D:10)
  Sigmund (D:5)
  Eustachio (D:4)
  9 yaks
  2 steam dragons
  A warg (D:9)
  A water moccasin (D:8)
  3 orc warriors (D:9)
  Duvessa (D:6)
  2 sky beasts
  3 black bears
  3 ogres
  2 kobold brigands
  A gnoll sergeant (D:9)
  A necrophage (D:6)
  3 scorpions
  9 wights (D:9)
  Dowan (D:6)
  14 killer bees
  4 howler monkeys
  4 orc priests
  3 hounds
  4 jellies
  2 iguanas (D:6)
  4 orc wizards
  7 adders
  8 gnolls
  2 river rats (D:5)
  2 shadow imps
  2 white imps
  An ufetubus (D:5)
  2 dart slugs (D:4)
  15 orcs
  6 endoplasms
  2 giant cockroaches (D:1)
  6 hobgoblins
  4 jackals (D:2)
  3 quokkas
  7 ball pythons
  8 bats
  A frilled lizard (D:1)
  6 goblins
  11 kobolds
  5 rats
183 creatures vanquished.

Table legend:
 A = Non-vault XP
 B = Vault XP
 C = Vault XP percentage of total XP
 D = Non-vault monster count
 E = Vault monster count
 F = Vault count percentage of total count
                 A         B        C        D         E       F
            +---------+---------+-------+---------+---------+-------
      Total |    7633 |    3274 |  30.0 |     157 |      26 |  14.2
            +---------+---------+-------+---------+---------+-------
        D:1 |      20 |       0 |   0.0 |      14 |       0 |   0.0
        D:2 |      41 |       0 |   0.0 |      16 |       0 |   0.0
        D:3 |      23 |       2 |   8.0 |       7 |       1 |  12.5
        D:4 |     276 |     202 |  42.3 |      19 |       1 |   5.0
        D:5 |     762 |     277 |  26.7 |      22 |       9 |  29.0
        D:6 |     637 |     202 |  24.1 |      11 |       2 |  15.4
        D:7 |     946 |       0 |   0.0 |      15 |       0 |   0.0
        D:8 |    1186 |     829 |  41.1 |      16 |       2 |  11.1
        D:9 |    2841 |     525 |  15.6 |      29 |       9 |  23.7
       D:10 |     901 |    1237 |  57.9 |       8 |       2 |  20.0
            +---------+---------+-------+---------+---------+-------

Illustrated notes

Table legend:
 A = Kills in this place as a percentage of kills in entire the game.
 B = Kills by you in this place as a percentage of kills by you in the entire game.
 C = Kills by friends in this place as a percentage of kills by friends in the entire game.
 D = Other kills in this place as a percentage of other kills in the entire game.
 E = Experience gained in this place as a percentage of experience gained in the entire game.
 F = Experience gained in this place divided by the number of levels of this place that you have seen.
                   A       B       C       D       E      F
               +-------+-------+-------+-------+-------+----------------------
         Total | 100.0 | 100.0 |   N/A |   N/A | 100.0 | 1090.7
       Dungeon | 100.0 | 100.0 |   N/A |   N/A | 100.0 | 1090.7
               +-------+-------+-------+-------+-------+----------------------

Table legend: (Time is in decaauts)
 A = Elapsed time spent in this place.
 B = Non-inter-level travel time spent in this place.
 C = Inter-level travel time spent in this place.
 D = Time resting spent in this place.
 E = Time spent auto-exploring this place.
 F = Levels seen in this place.
 G = Mean time per level.
                   A        B        C        D        E       F      G
               +--------+--------+--------+--------+--------+-----+--------+
         Total |  12792 |  12388 |    404 |   4010 |   5770 |  10 | 1279.2 |
       Dungeon |  12792 |  12388 |    404 |   4010 |   5770 |  10 | 1279.2 |
               +--------+--------+--------+--------+--------+-----+--------+

Top non-repeatable levels by time:
     D:5: 2094 daAuts
     D:7: 1794 daAuts
     D:4: 1552 daAuts
     D:3: 1488 daAuts
     D:8: 1401 daAuts
     D:9: 1204 daAuts
     D:6: 1189 daAuts
     D:2: 939 daAuts
     D:1: 629 daAuts
    D:10: 496 daAuts
